 Dungeon Sprint DCSS version 0.21-a0-88-g13b9641 (webtiles) character file.

3373 minicreteconcrete the Thaumaturge (level 9, -6/51 HPs)
             Began as a Deep Elf Air Elementalist on June 27, 2017.
             Was a High Priest of Sif Muna.
             Mangled by a torpor snail (20 damage)
             ... in the Dungeon (Sprint IX: "|||||||||||||||||||||||||||||").
             The game lasted 00:04:33 (398 turns).

minicreteconcrete the Thaumaturge (DEAE)             Turns: 398, Time: 00:04:34

Health: -6/51      AC:  4    Str:  8    XL:     9   Next: 74%
Magic:  18/28      EV: 18    Int: 26    God:    Sif Muna [*****.]
Gold:   0          SH:  0    Dex: 16    Spells: 23/35 levels left

rFire    . . .     SeeInvis .   b - staff of energy
rCold    . . .     Gourm    .   (no shield)
rNeg     . . .     Faith    .   k - +0 robe
rPois    .         Spirit   .   r - +0 helmet
rElec    .         Reflect  .   (no cloak)
rCorr    .         Harm     .   s - +0 pair of gloves
MR       .....     NoTele   +   (no boots)
Stlth    ++++......             (no amulet)
HPRegen  0.17/turn              t - +3 ring of strength
MPRegen  0.21/turn              u - +3 ring of intelligence

@: slowed, divine energy, very slow
A: no striking features
a: Stop Divine Energy, Channel Magic, Forget Spell, Renounce Religion


You were in the Dungeon.
You worshipped Sif Muna.
Sif Muna was extremely pleased with you.
You were not hungry.

You visited 1 branch

Inventory:

Hand Weapons
 a - a +1 dagger of electrocution
 q - a +2 rapier of draining
 x - a +1 dagger of venom
Armour
 k - a +0 robe (worn)
 r - a +0 helmet (worn)
 s - a +0 pair of gloves (worn)
Magical Staves
 b - an uncursed staff of energy (weapon)
Jewellery
 t - a +3 ring of strength (left hand)
 u - a +3 ring of intelligence (right hand)
Wands
 o - a wand of acid (5/15)
 v - a wand of lightning (7/15)
Scrolls
 i - 3 scrolls of blinking
 m - 4 scrolls of remove curse
 n - 2 scrolls of amnesia
 y - 2 scrolls of enchant weapon
 z - a scroll of identify
 A - a scroll of recharging
Potions
 d - a potion of invisibility
 e - 7 potions of heal wounds
 f - 2 potions of haste
 g - 4 potions of magic
 h - 2 potions of berserk rage
 l - 4 potions of curing
 w - a potion of mutation
Books
 p - a book of Air

   Spells                             Type                      Level
   a - Shock                          Conjuration/Air              1
   b - Swiftness                      Charms/Air                   2
   c - Static Discharge               Conjuration/Air              3
   d - Airstrike                      Air                          4
   e - Lightning Bolt                 Conjuration/Air              5
 B - a book of Minor Magic

   Spells                             Type                      Level
   a - Magic Dart                     Conjuration                  1
   b - Blink                          Translocation                2
   c - Call Imp                       Summoning                    2
   d - Slow                           Hexes                        2
   e - Conjure Flame                  Conjuration/Fire             3
   f - Mephitic Cloud                 Conjuration/Poison/Air       3
Comestibles
 c - a bread ration
 j - 7 chunks of flesh


   Skills:
 + Level 3.3 Fighting
 + Level 8.1 Dodging
 + Level 9.7 Stealth
 + Level 13.7 Spellcasting
 + Level 8.8 Conjurations
 + Level 13.2 Air Magic
 * Level 7.3 Invocations
 - Level 3.4 Evocations


You had 23 spell levels left.
You knew the following spells:

 Your Spells              Type           Power        Failure   Level  Hunger
a - Shock                 Conj/Air       ####         1%          1    None
b - Airstrike             Air            ######....   1%          4    None
c - Lightning Bolt        Conj/Air       ######....   1%          5    None
d - Blink                 Tloc           N/A          4%          2    None


Dungeon Overview and Level Annotations

Branches:
Dungeon (1/1)

Altars:
Cheibriados
Dithmenos
Elyvilon
Fedhas
Gozag
Hepliaklqana
Kikubaaqudgha
Makhleb
Nemelex Xobeh
Okawaru
Qazlal
Ru
Sif Muna
Trog
Uskayaw
Vehumet
Wu Jian
Xom
Yredelemnul
Zin
The Shining One
Beogh
Jiyva
Lugonu


Message History

You hear a mighty clap of thunder!
The bolt of lightning hits the torpor snail.
The torpor snail is heavily wounded.
The bolt of lightning hits the water moccasin.
You kill the water moccasin!
Sif Muna accepts your kill.
You see here Niethir's Handbook of Excruciating Air.
Sif Muna grants you a gift!
The bolt of lightning hits the spiny frog.
You kill the spiny frog!
Sif Muna accepts your kill.
Your Dodging skill increases to level 8!
Your Invocations skill increases to level 7!
The bolt of lightning hits the bullfrog.
You kill the bullfrog!
Sif Muna accepts your kill.
The bolt of lightning hits the crocodile.
The crocodile is moderately wounded.
The torpor snail bites you!!
You die...

▓▓▓▓▓▓▓▓▓▓▓▓▓▓▓▓▓▓▓▓▓▓▓▓
F.Dt..w@......†.†'.....(
▓▓▓▓▓▓▓▓▓▓▓▓▓▓▓▓▓▓▓▓▓▓▓▓▓▓▓▓▓▓▓▓▓
.................................
▓▓▓▓▓▓▓▓▓▓▓▓▓▓▓▓▓▓▓▓▓▓▓▓▓▓▓▓▓▓▓▓▓
..)...'________________________'.
▓▓▓▓▓▓▓▓▓▓▓▓▓▓▓▓▓▓▓▓▓▓▓▓▓▓▓▓▓▓▓▓▓


You could see a seven-headed hydra, a torpor snail, a crocodile and a bullfrog.

Vanquished Creatures
  A centaur warrior (D)
  A black mamba (D)
  A spiny frog (D)
  2 hippogriffs (D)
  2 yaks (D)
  A wraith (D)
  A vampire mosquito (D)
  3 water moccasins (D)
  2 porcupines (D)
  An orc warrior (D)
  A sky beast (D)
  A phantom (D)
  A wolf (D)
  A crocodile (D)
  2 bullfrogs (D)
  A howler monkey (D)
  A hound (D)
  An iguana (D)
  2 worker ants (D)
  An adder (D)
  A shadow imp (D)
  A giant cockroach (D)
  A goblin (D)
  A jackal (D)
  A quokka (D)
  A bat (D)
  A frilled lizard (D)
  A kobold (D)
35 creatures vanquished.

Notes
Turn   | Place    | Note
-------+----------+-------------------------------------------
     0 | D        | minicreteconcrete the Deep Elf Air Elementalist began the quest for the Orb.
     0 | D        | Reached XP level 1. HP: 10/10 MP: 6/6
    55 | D        | Noticed a hound
    55 | D        | Noticed a worker ant
    59 | D        | Reached XP level 2. HP: 8/15 MP: 3/9
    63 | D        | Reached skill level 5 in Spellcasting
    63 | D        | Reached skill level 5 in Air Magic
    63 | D        | Reached XP level 3. HP: 19/19 MP: 0/11
    66 | D        | Reached XP level 4. HP: 18/24 MP: 0/13
    76 | D        | Found a roughly hewn altar of Beogh.
    76 | D        | Found a snail-covered altar of Cheibriados.
    76 | D        | Found a shadowy altar of Dithmenos.
    76 | D        | Found a white marble altar of Elyvilon.
    76 | D        | Found a blossoming altar of Fedhas.
    76 | D        | Found an opulent altar of Gozag.
    77 | D        | Found a hazy altar of Hepliaklqana.
    78 | D        | Found a viscous altar of Jiyva.
    79 | D        | Found an ancient bone altar of Kikubaaqudgha.
    80 | D        | Found a corrupted altar of Lugonu.
    81 | D        | Found a burning altar of Makhleb.
    82 | D        | Found a sparkling altar of Nemelex Xobeh.
    83 | D        | Found an iron altar of Okawaru.
    84 | D        | Found a stormy altar of Qazlal.
    85 | D        | Found a sacrificial altar of Ru.
    86 | D        | Found a deep blue altar of Sif Muna.
    87 | D        | Found a bloodstained altar of Trog.
    88 | D        | Found a hide-covered altar of Uskayaw.
    89 | D        | Found a radiant altar of Vehumet.
    90 | D        | Found an ornate altar of the Wu Jian Council.
    91 | D        | Found a shimmering altar of Xom.
    92 | D        | Found a basalt altar of Yredelemnul.
    93 | D        | Found a glowing silver altar of Zin.
    94 | D        | Became a worshipper of Sif Muna the Loreminder
    95 | D        | Found a glowing golden altar of the Shining One.
   145 | D        | Learned a level 4 spell: Airstrike
   145 | D        | Noticed a sky beast
   145 | D        | Noticed a wraith
   152 | D        | Killed a wraith
   152 | D        | Reached * piety under Sif Muna
   152 | D        | Reached skill level 1 in Fighting
   152 | D        | Reached skill level 5 in Dodging
   152 | D        | Reached skill level 5 in Stealth
   152 | D        | Reached XP level 5. HP: 16/29 MP: 10/17
   152 | D        | Killed a sky beast
   152 | D        | Reached ** piety under Sif Muna
   152 | D        | Reached skill level 1 in Evocations
   152 | D        | Reached XP level 6. HP: 19/34 MP: 11/20
   168 | D        | Learned a level 5 spell: Lightning Bolt
   181 | D        | Noticed a water moccasin
   181 | D        | Noticed a yak
   181 | D        | Noticed an orc warrior
   181 | D        | Noticed a vampire mosquito
   181 | D        | Noticed a centaur warrior
   183 | D        | Killed a centaur warrior
   183 | D        | Reached *** piety under Sif Muna
   183 | D        | Reached **** piety under Sif Muna
   183 | D        | Reached skill level 5 in Conjurations
   183 | D        | Reached XP level 7. HP: 11/40 MP: 10/23
   183 | D        | Reached XP level 8. HP: 12/44 MP: 10/25
   185 | D        | Reached ***** piety under Sif Muna
   185 | D        | Reached skill level 1 in Invocations
   358 | D        | Noticed a black mamba
   358 | D        | Noticed a hippogriff
   361 | D        | Killed a black mamba
   361 | D        | Received a gift from Sif Muna
   362 | D        | Noticed a hippogriff
   364 | D        | Reached XP level 9. HP: 35/49 MP: 14/27
   366 | D        | Reached skill level 5 in Invocations
   385 | D        | Learned a level 2 spell: Blink
   393 | D        | Noticed a spiny frog
   393 | D        | Noticed a torpor snail
   397 | D        | Noticed a seven-headed hydra
   398 | D        | Identified Niethir's Handbook of Excruciating Air (Sif Muna gifted it to you in the Dungeon)
   398 | D        | Received a gift from Sif Muna
   398 | D        | Killed a spiny frog
   398 | D        | Mangled by a torpor snail

Vault maps used:
D:        linesprint

Skill      XL: |  1  2  3  4  5  6  7  8  9 |
---------------+----------------------------+-----
Dodging        | 3 4 5 6 7 8 |  8.1
Spellcasting   | 4 5 8 9 11 12 13 | 13.7
Air Magic      | 4 5 6 8 9 11 12 13 | 13.2
Stealth        | 3 4 5 6 8 9 |  9.7
Conjurations   | 3 5 6 8 |  8.8
Fighting       | 1 2 3 |  3.3
Evocations     | 1 3 |  3.4
Invocations    | 4 7 |  7.3

Action                   |  1- 3 |  4- 6 |  7- 9 || total
-------------------------+-------+-------+-------++-------
Melee: Dagger            |     2 |     1 |       ||     3
 Cast: Shock             |    12 |     6 |       ||    18
       Lightning Bolt    |       |     1 |    17 ||    18
Invok: Divine Energy     |       |     1 |       ||     1
       Channel Magic     |       |       |     3 ||     3
Evoke: Staff of energy   |       |     6 |    13 ||    19
       Wand              |       |     2 |       ||     2
  Use: Potion            |     1 |       |       ||     1
 Stab: Sleeping          |       |     1 |       ||     1
  Eat: Chunk             |       |       |     1 ||     1
Armor: Robe              |     1 |       |     1 ||     2
Dodge: Dodged            |     8 |     2 |    16 ||    26
